 Dungeon Crawl Stone Soup version 0.30-a0-622-gddc90eaa04 (webtiles) character file.

Game seed: 15669251463617358013

4 Armakuni the Grasshopper (level 1, 0/16 HPs)
             Began as a Human Warper on Jan 10, 2023.
             Slain by a hobgoblin (1 damage)
             ... on level 1 of the Dungeon.
             The game lasted 00:01:54 (152 turns).

Armakuni the Grasshopper (Human Warper)              Turns: 152, Time: 00:01:55

Health: 0/16       AC:  3    Str: 11    XL:     1   Next: 66%
Magic:  3/3        EV: 11    Int: 13    God:
Gold:   6          SH:  0    Dex: 12    Spells: 4/4 levels left

rFire   . . .      SeeInvis .    a - +0 mace
rCold   . . .      Faith    .    (no shield)
rNeg    . . .      Spirit   .    b - +0 leather armour
rPois   .          Reflect  .    (no helmet)
rElec   .          Harm     .    (no cloak)
rCorr   .          Rampage  .    (no gloves)
Will    .....                    (no boots)
Stlth   +                        (no amulet)
HPRegen 0.22/turn                (no ring)
MPRegen 0.08/turn                (no ring)

@: no status effects
A: no striking features
a: no special abilities


You were on level 1 of the Dungeon.
You visited 1 branch of the dungeon, and saw 1 of its levels.

You collected 6 gold pieces.

Inventory:

Hand Weapons
 a - a +0 mace (weapon)
Missiles
 d - 5 boomerangs of dispersal (quivered)
Armour
 b - a +0 leather armour (worn)
Scrolls
 c - a scroll of blinking
 e - a scroll of enchant weapon {unknown}
Potions
 f - a potion of degeneration {unknown}


   Skills:
 + Level 2.1 Fighting
 - Level 2.0 Maces & Flails
 - Level 1.0 Throwing
 + Level 1.2 Armour
 + Level 2.1 Dodging
 - Level 2.0 Spellcasting
 - Level 3.0 Translocations


You had 4 spell levels left.
You didn't know any spells.
Your spell library contained the following spells:

 Spells                   Type           Power      Damage    Failure   Level
 Blink                    Tloc           18%        N/A       14%         2
 Lesser Beckoning         Tloc           18%        N/A       28%         3
 Teleport Other           Tloc           9%         N/A       28%         3
 Vhi's Electric Charge    Tloc/Air       10%        N/A       47%         3
 Manifold Assault         Tloc           9%         N/A       67%         4


Dungeon Overview and Level Annotations

Branches:
Dungeon (1/15)

Altars:

Shops:
D:1 *[


Message History

A hobgoblin comes into view.
Found 12 gold pieces.
The hobgoblin shouts!
You hit the hobgoblin.
The hobgoblin is moderately wounded.
The hobgoblin hits you. x2
You hit the hobgoblin but do no damage.
The hobgoblin is moderately wounded.
The hobgoblin hits you but does no damage.
You closely miss the hobgoblin.
The hobgoblin is moderately wounded.
The hobgoblin hits you.
You barely miss the hobgoblin.
The hobgoblin is moderately wounded.
The hobgoblin hits you.
You closely miss the hobgoblin.
The hobgoblin is moderately wounded.
The hobgoblin hits you. The hobgoblin barely misses you.
You barely miss the hobgoblin.
The hobgoblin is moderately wounded.
The hobgoblin hits you.
You hit the hobgoblin.
The hobgoblin is almost dead.
The hobgoblin hits you.
* * * LOW HITPOINT WARNING * * *
Throw: 7 boomerangs (disperse)
Press: ? - help, Q - select action Shift-Dir - straight line, f - hobgoblin
Aim: a hobgoblin (almost dead, 57% to hit)
You throw a boomerang of dispersal.
The boomerang of dispersal closely misses the hobgoblin.
The hobgoblin hits you.
* * * LOW HITPOINT WARNING * * *
The hobgoblin closely misses you.
Throw: 6 boomerangs (disperse)
Press: ? - help, Q - select action Shift-Dir - straight line, f/p - hobgoblin
Aim: a hobgoblin (almost dead, 57% to hit)
You throw a boomerang of dispersal.
The boomerang of dispersal barely misses the hobgoblin.
The hobgoblin hits you.
You die...

#..#.#.#.#. ##
#......... .. #..#.#.#.
#. . #....... #.#
####......# ...##..
..........+ .......
..........# #######
....$.g@..#####+########
........................
##########.......#.#.#.#
#[.............
#∩......#.#.#.#
######..............
#............#.#.#.#
#.######............
#.###.#.#.#.#


You could see a hobgoblin.

Vanquished Creatures
  A bat (D:1)
  2 kobolds (D:1)
3 creatures vanquished.

Notes
Turn   | Place    | Note
-------+----------+-------------------------------------------
     0 | D:1      | Armakuni the Human Warper began the quest for the Orb.
     0 | D:1      | Reached XP level 1. HP: 16/16 MP: 3/3
    34 | D:1      | Found Gec Buah's Armour Shop.
   126 | D:1      | Found Gour's General Store.
   152 | D:1      | Slain by a hobgoblin

Illustrated notes

Levels and vault maps discovered:
D:1:      onia_arrival_mini_spirals, layout_basic, serial_shops,
          nicolae_shop_trees, shop_statue, shop, serial_co_window_serial,
          co_window_paths_a, co_window_of_opportunity_a,
          co_window_of_opportunity_a, co_window_paths_b,
          co_window_of_opportunity_a, co_window_paths_a, co_window_corner_a,
          co_window_corner_a, co_window_corner_a, co_window_corner_cb,
          co_window_of_opportunity_b, co_window_unsneaky_path_a,
          glass_columns_c, glass_columns_a, glass_columns_c

Action                   || total
-------------------------++-------
Melee: Mace              ||    16
Throw: Boomerang         ||     2
Armor: Leather armour    ||     5
Dodge: Dodged            ||     5

Table legend: (Time is in decaauts)
 A = Elapsed time spent in this place.
 B = Non-inter-level travel time spent in this place.
 C = Inter-level travel time spent in this place.
 D = Time resting spent in this place.
 E = Time spent auto-exploring this place.
 F = Levels seen in this place.
 G = Mean time per level.
                   A        B        C        D        E       F      G
               +--------+--------+--------+--------+--------+-----+--------+
         Total |    157 |    157 |      0 |      0 |     81 |   1 |  157.0 |
       Dungeon |    157 |    157 |      0 |      0 |     81 |   1 |  157.0 |
               +--------+--------+--------+--------+--------+-----+--------+

Top non-repeatable levels by time:
     D:1: 157 daAuts
